 Dungeon Crawl Stone Soup version 0.32-a0-876-gcfddb08e57 (webtiles) character file.

Game seed: 8758816163103475778

4 Esekla the Grasshopper (level 1, 0/16 HPs)
             Began as a Demonspawn Wanderer on Mar 31, 2024.
             Slain by a quokka (4 damage)
             ... on level 1 of the Dungeon.
             The game lasted 00:01:05 (125 turns).

Esekla the Grasshopper (Demonspawn Wanderer)         Turns: 125, Time: 00:01:06

Health: 0/16       AC:  3    Str: 12    XL:     1   Next: 50%
Magic:  2/2        EV:  9    Int: 10    God:
Gold:   0          SH:  4    Dex: 14    Spells: 1/2 levels left

rFire   . . .        a - +0 dagger
rCold   . . .        b - +0 buckler
rNeg    . . .        d - +0 leather armour
rPois   .            (no helmet)
rElec   .            (no cloak)
rCorr   .            (no gloves)
SInv    .            (no boots)
Will    .....        (no amulet)
Stlth   +            (no ring)
HPRegen 0.22/turn    (no ring)
MPRegen 0.08/turn

%: no passive effects
@: no status effects
A: no striking features
a: no special abilities


You were on level 1 of the Dungeon.
You visited 1 branch of the dungeon, and saw 1 of its levels.

Inventory:

Hand Weapons
 a - a +0 dagger (weapon)
Armour
 b - a +0 buckler (worn)
 d - a +0 leather armour (worn)
Scrolls
 g - a scroll of noise {unknown}
Potions
 c - a potion of attraction
 e - a potion of mutation
 f - 2 potions of heal wounds {unknown}


   Skills:
 * Level 2.1 Fighting
 + Level 1.0 Dodging
 + Level 1.7 Shields
 * Level 1.0 Spellcasting
 + Level 2.8 Translocations
 + Level 1.0 Evocations


You had one spell level left.
You knew the following spells:

 Your Spells              Type           Power      Damage    Failure   Level
a - Apportation           Tloc           12%        N/A       21%         1

Your spell library contained the following spells:

 Spells                   Type           Power      Damage    Failure   Level
 Blink                    Tloc           12%        N/A       30%         2
 Momentum Strike          Conj/Tloc      6%         3d8       47%         2


Dungeon Overview and Level Annotations

Branches:
Dungeon (1/15)

Altars:


Message History

The giant cockroach is moderately wounded.
The giant cockroach bites you. The giant cockroach barely misses you.
You hit the giant cockroach but do no damage.
The giant cockroach is moderately wounded.
The giant cockroach bites you but does no damage.
You barely miss the giant cockroach.
The giant cockroach is moderately wounded.
The giant cockroach barely misses you.
You hit the giant cockroach but do no damage.
The giant cockroach is moderately wounded.
The giant cockroach bites you.
You barely miss the giant cockroach.
The giant cockroach is moderately wounded.
The giant cockroach bites you.
The giant cockroach bites you but does no damage.
You hit the giant cockroach.
The giant cockroach is severely wounded.
The giant cockroach bites you.
You hit the giant cockroach but do no damage.
The giant cockroach is severely wounded.
The giant cockroach bites you but does no damage.
You closely miss the giant cockroach.
The giant cockroach is severely wounded.
The giant cockroach closely misses you.
You hit the giant cockroach.
You kill the giant cockroach!
You barely miss the quokka. You block the quokka's attack.
You closely miss the quokka. You block the quokka's attack.
The quokka bites you but does no damage.
You hit the quokka but do no damage. The quokka bites you.
You closely miss the quokka.
The quokka bites you but does no damage.
You hit the quokka.
The quokka is moderately wounded.
The quokka bites you.
* * * LOW HITPOINT WARNING * * *
You miss the quokka.
The quokka is moderately wounded.
The quokka completely misses you. The quokka bites you.
You die...

#.... #.... ... #
... #.###.#
#.#.....#
#.......#
##...##r# ## #@#
##### #.# #...#
#.# #...# #.#
#.>.# #.# #...#
#.# #...# #.#
###'#########
#.####..)##..##...
#.................


You could see a quokka.

Vanquished Creatures
  A giant cockroach (D:1)
  2 quokkas (D:1)
3 creatures vanquished.

Notes
Turn   | Place    | Note
-------+----------+-------------------------------------------
     0 | D:1      | Esekla the Demonspawn Wanderer began the quest for the Orb.
     0 | D:1      | Esekla set off with the following items: a +0 dagger, a +0
                  | buckler, a potion of attraction, a +0 leather armour, a
                  | potion of mutation; and the following spell memorised:
                  | Apportation; and the following spells available to
                  | memorise: Blink, Momentum Strike.
     0 | D:1      | Reached XP level 1. HP: 16/16 MP: 2/2
   125 | D:1      | Slain by a quokka

Illustrated notes

Levels and vault maps discovered:
D:1:      dpeg_arrival_houses_and_road, layout_basic, hangedman_feature_mirror,
          minmay_tromino_i4

Action                     || total
---------------------------++-------
  Melee: Dagger            ||    29
 Armour: Leather armour    ||    19
  Dodge: Dodged            ||    10
  Block: Buckler           ||     4

Table legend: (Time is in decaauts)
 A = Elapsed time spent in this place.
 B = Non-inter-level travel time spent in this place.
 C = Inter-level travel time spent in this place.
 D = Time resting spent in this place.
 E = Time spent auto-exploring this place.
 F = Levels seen in this place.
 G = Mean time per level.
                   A        B        C        D        E       F      G
               +--------+--------+--------+--------+--------+-----+--------+
         Total |    126 |    126 |      0 |      4 |     12 |   1 |  126.0 |
       Dungeon |    126 |    126 |      0 |      4 |     12 |   1 |  126.0 |
               +--------+--------+--------+--------+--------+-----+--------+

Top non-repeatable levels by time:
     D:1: 126 daAuts
